[Event "44th Chess Olympiad Women 2022"]
[Site "Chennai"]
[Date "2022.08.03"]
[Round "6.45"]
[White "Al-Fayyadh, Zainab Asif Abdulah"]
[Black "Thornton, Filipina"]
[Result "1/2-1/2"]
[WhiteElo "1749"]
[BlackElo "1661"]
[Annotator "NA RC"]
[PlyCount "147"]
[EventDate "2022.??.??"]
[TimeControl "60"]

1. e4 c5 2. Nc3 d6 3. f4 e6 4. Nf3 Nc6 5. Bb5 Bd7 6. Bxc6 Bxc6 7. O-O Nf6 8.
d3 Be7 9. Qe1 Qc7 10. Kh1 O-O 11. Qg3 Rfe8 12. f5 exf5 13. exf5 Bf8 14. Bg5 Nd7 15. f6 g6 16. Qh4 Re6 17. Nd2 Ne5 18. Bh6 Qd8 19. Nde4 Bxh6 20. Qxh6 Qf8 21. Qh3 h5 22. Ng5 Ree8 23. Nce4 d5 24. Ng3 Qh6 25. Qh4 Ng4 26. h3 Ne3 27. Rf2 Re5 28. Nf3 Ree8 29. d4 c4 30. Ne5 c3 31. Nxc6 bxc6 32. b3 Re6 33. Nf1 Nf5 34. Qf4 Qxf4 35. Rxf4 Rae8 36. g4 hxg4 37. hxg4 Ne3 38. Nxe3 Rxe3 39. Raf1 Re2 40. R1f2 Rd2 41. Kg1 Ree2 42. R4f3 Rxf2 43. Rxf2 Rxd4 44. g5 Re4 45. Kf1 Re5 46. Rg2 c5 47. Rg4 a6 48. Ra4 Rxg5 49. Rxa6 Rf5+ 50. Ke2 g5 51. Ra5 g4 52. Rxc5 g3 53. Rxc3 Rg5 54. Kf1 Rf5+ 55. Kg2 Rxf6 56. Rxg3+ Kf8 57. Re3 Rf5 58. a4 d4 59. Rd3 Rc5 60. Rd2 Ke7 61. Kf3 f5 62. Rxd4 Rxc2 63. b4 Ra2 64. b5 Rb2 65. Rc4 Kd6 66. Kf4 Kd5 67. Rc1 Rb4+ 68. Kxf5 Rxa4 69. Rb1 Ra8 70. b6 Rf8+ 71. Kg6 Kc6 72. b7 Rb8 73. Kf7 Rxb7+ 74. Rxb7 1/2-1/2

[Event "44th Chess Olympiad Women 2022"]
[Site "Chennai"]
[Date "2022.08.03"]
[Round "6.45"]
[White "Farrugia, Jamie"]
[Black "A-ALI, Sali Abbas Abdulzah"]
[Result "0-1"]
[WhiteElo "1547"]
[BlackElo "1864"]
[Annotator "NA RC"]
[PlyCount "118"]
[EventDate "2022.??.??"]
[TimeControl "60"]

1. e4 e6 2. d4 d5 3. e5 c5 4. c3 Nc6 5. Nf3 Qb6 6. a3 c4 7. Nbd2 Na5 8. g3 Ne7 9. h4 Bd7 10. Bh3 g6 11. O-O Bg7 12. Rb1 O-O 13. Nh2 f6 14. exf6 Bxf6 15.
Ng4 Bg7 16. Nf3 Nac6 17. Nh6+ Kh8 18. Qe2 Nf5 19. Ng4 Rae8 20. Nge5 Bc8 21. Bg4 Nh6 22. Bh3 Nf7 23. h5 Nfxe5 24. dxe5 Qc7 25. hxg6 Nxe5 26. Nxe5 Qxe5 27. Qxe5 Bxe5 28.
gxh7 Kxh7 29. Be3 a6 30. Kg2 b5 31. Rh1 Kg6 32. f4 Bg7 33.
Bg4 Rh8 34. Rxh8 Rxh8 35. Bd4 Bxd4 36. cxd4 a5 37. Re1 Kf6 38. Re5 b4 39. Re3 Bd7 40. Bh3 Rc8 41. g4 c3 42. g5+ Kf7 43.
bxc3 Rxc3 44. Bxe6+ Bxe6 45. g6+ Kf6 46. Re5 Rxa3 47. g7 Bh3+ 48.
Kf2 Kxg7 49. Rxd5 b3 50. Rb5 a4 51. Ke2 Ra2+ 52. Kd1 Ra1+ 53. Kd2 Rf1 54. Rb4 a3 55. Rxb3 a2 56. Ra3 a1=Q 57. Rxa1 Rxa1 58. Ke3 Bf5 59. d5 Rd1 0-1

[Event "44th Chess Olympiad Women 2022"]
[Site "Chennai"]
[Date "2022.08.03"]
[Round "6.45"]
[White "Tiba, Mahdi Attiyah"]
[Black "Psaila, Uranchimeg"]
[Result "1-0"]
[WhiteElo "1759"]
[BlackElo "1395"]
[Annotator "NA RC"]
[PlyCount "99"]
[EventDate "2022.??.??"]
[TimeControl "60"]

1. e4 e6 2. d4 d5 3. exd5 exd5 4. Bd3 Bd6 5. Nf3 Bg4 6. O-O Ne7 7. c3 O-O 8. Nbd2 Nd7 9. Qc2 Ng6 10. h3 Bxf3 11. Nxf3 Re8 12. Bg5 Be7 13. Bxe7 Qxe7 14. Rfe1 Qf6 15. Bxg6 hxg6 16. Qb3 Nb6 17. a4 a5 18. Qb5 Qc6 19. Qxc6 bxc6 20. Rxe8+ Rxe8 21. Ne5 Re6 22. Kf1 g5 23. b3 f6 24. Nd3 Nd7 25. Re1 Kf7 26. Rxe6 Kxe6 27. b4 axb4 28. cxb4 Nb6 29. Nc5+ Kd6 30. a5 Na8 31. Ke2 Ke7 32. Kf3 g6 33. Kg4 Kd6 34. f4 gxf4 35. Kxf4 Ke7 36. g4 Kd6 37. h4 Ke7 38. h5 Kf7 39. hxg6+ Kxg6 40. Nd7 Kf7 41. Kf5 c5 42. bxc5 c6 43. Nxf6 Nc7 44. Nd7 Nb5 45. Ke5 Ke7 46. Nb6 Kf7 47. a6 Ke7 48. Nc8+ Kf7 49. a7 Nc7 50. Nb6 1-0

[Event "44th Chess Olympiad Women 2022"]
[Site "Chennai"]
[Date "2022.08.03"]
[Round "6.46"]
[White "Al Bulushi, Rawan"]
[Black "Bofroud, Naya"]
[Result "1-0"]
[WhiteElo "1442"]
[BlackElo "1660"]
[Annotator "NA RC"]
[PlyCount "107"]
[EventDate "2022.??.??"]
[TimeControl "60"]

1. c4 e6 2. g3 d5 3. cxd5 exd5 4. Bg2 Nf6 5. Nf3 c6 6. d4 Be7 7. Nc3 Bf5 8. h3 Nbd7 9. g4 Bg6 10. Nh4 Nf8 11. g5 Nh5 12. e4 dxe4 13.
Nxg6 hxg6 14. d5 Bxg5 15. dxc6 Qxd1+ 16. Nxd1 Bxc1 17. cxb7 Bd2+ 18. Kxd2 Rd8+ 19. Kc2 f5 20. Nc3 Rb8 21. Nb5 a6 22. Nd6+ Ke7 23. Rhd1 Ne6 24. b4 Nd8 25. Nc8+ Kf6 26. Rd6+ Kg5 27. h4+ Kh6 28. Ne7 Nf6 29. h5 Nf7 30. Rxa6 Rxb7 31. hxg6 Kg5 32. Nxf5 Kxf5 33. gxf7 Rxb4 34. Rh1 Rc8+ 35. Kd2 Rb2+ 36. Kd1 Rd8+ 37. Kc1 Rxf2 38. Rf1 Rxf1+ 39. Bxf1 Kf4 40. Re6 Kf3 41. a4 e3 42. Bb5 Rf8 43. Re7 Kf2 44. a5 Nd5 45. Re5 Nc7 46. Rf5+ Kg3 47. Bc4 Kg4 48. Rf1 Kg5 49. Kd1 Ne8 50. fxe8=Q Rxe8 51. Ke2 Rc8 52. Bd3 Ra8 53. a6 Ra7 54. Kxe3 1-0

[Event "44th Chess Olympiad Women 2022"]
[Site "Chennai"]
[Date "2022.08.03"]
[Round "6.46"]
[White "Al Ghafri, Alanoud"]
[Black "Mahmoud, Roula"]
[Result "0-1"]
[WhiteElo "1259"]
[BlackElo "1765"]
[Annotator "NA RC"]
[PlyCount "48"]
[EventDate "2022.??.??"]
[TimeControl "60"]

1. e4 c5 2. b3 d6 3. Bb2 Nf6 4. Nc3 g6 5. Nf3 Bg7 6. Nd5 Nbd7 7. Bb5 O-O 8.
Bxd7 Bxd7 9. Nxf6+ exf6 10. O-O Re8 11. d3 f5 12. Bxg7 Kxg7 13.
Nd2 fxe4 14. Nxe4 Bc6 15. Re1 f5 16. Ng3 Qg5 17. Rxe8 Rxe8 18. f3 h5 19. Nf1 Qf6 20. Rb1 Qd4+ 21. Kh1 Qf2 22. Ng3 h4 23. Nxf5+ gxf5 24. Rc1 h3 0-1

[Event "44th Chess Olympiad Women 2022"]
[Site "Chennai"]
[Date "2022.08.03"]
[Round "6.46"]
[White "Khalil, Manar"]
[Black "Al Balushi, Mariya"]
[Result "1-0"]
[WhiteElo "1831"]
[BlackElo "1660"]
[Annotator "NA RC"]
[PlyCount "51"]
[EventDate "2022.??.??"]
[TimeControl "60"]

1. e4 e5 2. Nf3 Nc6 3. d4 exd4 4. Bc4 Qe7 5. O-O d6 6.
Nxd4 Ne5 7. Be2 Nf6 8. Nc3 Bd7 9. f4 Nc6 10. Bf3 O-O-O 11.
Nxc6 Bxc6 12. Qd4 Kb8 13. Be3 b6 14. Bf2 Nd7 15. Nd5 Qe6 16.
a4 h5 17. a5 Rh7 18. axb6 cxb6 19. Qc4 Nc5 20. b4 Qd7 21. bxc5 Bb5 22. Qb3 Bxf1 23. cxb6 axb6 24. Qxb6+ Qb7 25. Qxd8+ Qc8 26. Ra8+ 1-0

[Event "44th Chess Olympiad Women 2022"]
[Site "Chennai"]
[Date "2022.08.03"]
[Round "6.47"]
[White "Bwalya Mulwale, Lubuuto"]
[Black "Heba, Assi"]
[Result "1-0"]
[WhiteElo "1751"]
[BlackElo "1449"]
[Annotator "NA RC"]
[PlyCount "103"]
[EventDate "2022.??.??"]
[TimeControl "60"]

1. c4 Nf6 2. Nc3 g6 3. Nf3 Bg7 4. g3 O-O 5. Bg2 d6 6. O-O Bf5 7. Nh4 Bc8 8. d3 Nfd7 9. Qc2 Nc6 10. a3 e5 11. e3 Re8 12. Rb1 a5 13. Bd2 Nf6 14. Rfc1 Be6 15. Nd5 Qc8 16. b4 axb4 17. axb4 Ne7 18. Nxe7+ Rxe7 19. Ra1 c6 20. Bc3 Rc7 21. Rxa8 Qxa8 22. c5 Qd8 23. Qb2 Qe7 24. cxd6 Qxd6 25. Bxe5 Ne8 26. Bxg7 Nxg7 27. Qc3 Nf5 28. Nxf5 Bxf5 29. Ra1 Qd8 30. d4 Be6 31. Qc5 Rd7 32. b5 cxb5 33. Qxb5 Qc8 34. d5 Qc3 35. Rf1 Bf5 36. e4 Bg4 37. h3 Bxh3 38. Bxh3 Re7 39. Bg2 Qe5 40. Rc1 f5 41. exf5 Qxf5 42. Qc5 Kf7 43. d6 Rd7 44. Qxf5+ gxf5 45. Rc7 Ke6 46. Bxb7 Rxd6 47. Rc6 Rxc6 48. Bxc6 Kf6 49. f4 Kg6 50. Bd7 h6 51. Kf2 Kf6 52. Ke3 1-0

[Event "44th Chess Olympiad Women 2022"]
[Site "Chennai"]
[Date "2022.08.03"]
[Round "6.47"]
[White "Eman Sawan"]
[Black "Mbatha, Constance"]
[Result "1-0"]
[WhiteElo "1847"]
[BlackElo "1614"]
[Annotator "NA RC"]
[PlyCount "81"]
[EventDate "2022.??.??"]
[TimeControl "60"]

1. e4 e5 2. Nf3 d6 3. d4 exd4 4. Nxd4 Nf6 5. Nc3 Be7 6. g3 Bd7 7. Bg2 Nc6 8.
O-O O-O 9. h3 h6 10. Nf5 Re8 11. g4 Bf8 12. h4 Nh7 13. Nd5 Rc8 14. g5 g6 15.
Nxh6+ Bxh6 16. gxh6 Qxh4 17. f4 Bg4 18. Qd3 Qxh6 19. f5 g5 20. Qg3 Be2 21. Rf2
Ba6 22. Bh1 f6 23. Rh2 Qg7 24. Bf3 Nd4 25. Rg2 Nxf3+ 26. Qxf3 c6 27. Nf4 Nf8
28. Nh5 Qe7 29. Bxg5 fxg5 30. f6 Qf7 31. Rxg5+ Ng6 32. Nf4 Re5 33. Rxg6+ Kf8
34. Qg4 b6 35. Rg7 Qxf6 36. Rg8+ Kf7 37. Rg6 Qh8 38. Nd3 Bxd3 39. cxd3 Rf8 40.
Rf1+ Ke7 41. Rg7+ 1-0

[Event "44th Chess Olympiad Women 2022"]
[Site "Chennai"]
[Date "2022.08.03"]
[Round "6.47"]
[White "Phiri Bertha"]
[Black "Seder, Randa"]
[Result "1-0"]
[WhiteElo "1606"]
[BlackElo "1442"]
[Annotator "NA RC"]
[PlyCount "121"]
[EventDate "2022.??.??"]
[TimeControl "60"]

1. e4 e5 2. Nf3 Nc6 3. Bc4 Nf6 4. d3 h6 5. Nc3 Bb4 6. Bd2 d6 7. h3 O-O 8. a3 Ba5 9. O-O Be6 10. Nd5 Bxd2 11. Nxd2 Bxd5 12. Bxd5 Nxd5 13. exd5 Ne7 14. c4 f5 15. b4 a6 16. Qe2 Ng6 17. g3 Qg5 18. Kh2 Rae8 19. Rae1 Qf6 20. Qh5 Ne7 21. Re2 g5 22. f4 exf4 23. gxf4 Ng6 24. fxg5 Rxe2+ 25. Qxe2 hxg5 26. Re1 Nf4 27. Qe3 Qh6 28. Rg1 g4 29. Rg3 Kh8 30. Nb3 gxh3 31. Rf3 Qg5 32. Rg3 Qh6 33. Rf3 Qg5 34. Rg3 Qh6 35. Nd4 Kh7 36. Ne6 Nh5 37. Nxf8+ Qxf8 38. Rxh3 Qf7 39. Qg5 Qg6 40. Rxh5+ Kg7 41. Kg3 Kf7 42. Qxg6+ Kxg6 43. Rh8 Kf6 44. Kf4 b6 45. Rf8+ Ke7 46. Rxf5 a5 47. Rh5 axb4 48. axb4 Kd8 49. d4 Kc8 50. c5 bxc5 51. dxc5 dxc5 52. bxc5 Kd7 53. Ke5 Ke7 54. d6+ cxd6+ 55. cxd6+ Kd7 56. Rh7+ Kc6 57. Rc7+ Kb5 58. d7 Kb4 59. d8=Q Kb3 60. Qb8+ Ka2 61. Ra7# 1-0

[Event "44th Chess Olympiad Women 2022"]
[Site "Chennai"]
[Date "2022.08.03"]
[Round "6.47"]
[White "Taqwa, Hamouri"]
[Black "Likando Namakau"]
[Result "0-1"]
[WhiteElo "1214"]
[BlackElo "1544"]
[Annotator "NA RC"]
[PlyCount "110"]
[EventDate "2022.??.??"]
[TimeControl "60"]

1. e4 c5 2. Nf3 Nc6 3. Bb5 Qc7 4. Nc3 e6 5. d4 cxd4 6.
Nxd4 Nxd4 7. Qxd4 a6 8. Be2 Ne7 9. Be3 Nc6 10. Qd1 Bb4 11.
Bd2 O-O 12. O-O Bc5 13. Bd3 Nb4 14. Ne2 Nxd3 15. cxd3 Qe5 16. Bc3 Qh5 17. d4 Ba7 18. f4 d5 19. e5 Bd7 20. Rf3 Bb5 21. Ng3 Qg6 22. Bb4 Rfc8 23. f5 Qg4 24. Bc3 Rc4 25. Ne2 exf5 26. Rf4 Qh5 27. Qe1 Qh6 28. Bd2 Qe6 29. Bc3 Qxe5 30. Qf2 Qe6 31. Rxf5 Re8 32. Ng3 Rcc8 33. Re1 Qd7 34. Rd1 f6 35. Rf3 Re6 36. Nh5 Be2 37. Rd2 Bxf3 38. Qxf3 Rce8 39. Rd3 Qf7 40. Nf4 Re4 41. Rd2 Re1+ 42. Kf2 R1e4 43. a3 Bb8 44. Nd3 Bd6 45. Rc2 Qg6 46. h3 Rf4 47. Nxf4 Qxc2+ 48. Ne2 Re4 49. Kf1 Qb1+ 50. Kf2 Qc2 51. Qh5 f5 52. g3 Bxg3+ 53. Kxg3 Rxe2 54. Qh4 Re3+ 55. Kf4 Re4+ 0-1

[Event "44th Chess Olympiad Women 2022"]
[Site "Chennai"]
[Date "2022.08.03"]
[Round "6.48"]
[White "Blackman, Katrina"]
[Black "Besa, Masaiti"]
[Result "0-1"]
[WhiteElo "1691"]
[BlackElo "1745"]
[Annotator "NA RC"]
[PlyCount "116"]
[EventDate "2022.??.??"]
[TimeControl "60"]

1. d4 d5 2. Nf3 Nf6 3. Bf4 c5 4. e3 Qb6 5. Qc1 Nc6 6. c3 Bf5 7. Nbd2 e6 8. h3 h6 9. Be2 Be7 10. Bh2 O-O 11. O-O Rfc8 12. Ne5 cxd4 13. Nxc6 bxc6 14. exd4 c5 15. Nf3 Ne4 16. Bd3 cxd4 17. Nxd4 Bh7 18. Bxe4 Bxe4 19. Qd2 Bf6 20. Rad1 Bxd4 21. Qxd4 Qxb2 22. Rc1 Qxa2 23. Ra1 Qc4 24. Rxa7 Rxa7 25. Qxa7 Qxc3 26. Bf4 Qc5 27. Qxc5 Rxc5 28. Be3 Rc2 29. Rd1 Kf8 30. Bd4 f6 31. f3 Bf5 32. Bf2 Ke7 33. Ra1 e5 34. Ra7+ Bd7 35. Ra1 d4 36. Rd1 Kd6 37. Bxd4 exd4 38. Rxd4+ Ke7 39. Kh2 Bb5 40. Rd1 g5 41. Kg3 Kf7 42. Rg1 Kg6 43.
h4 f5 44. hxg5 hxg5 45. Re1 Kf6 46. Kh3 Bc6 47. Kg3 f4+ 48.
Kh3 Bd7+ 49. Kh2 Be6 50. Kg1 Kf5 51. Kh1 Bd5 52. Kg1 Rd2 53.
Rf1 g4 54. fxg4+ Kxg4 55. Rf2 Rxf2 56. Kxf2 Be4 57. g3 fxg3+ 58. Kg1 Kh3 0-1

[Event "44th Chess Olympiad Women 2022"]
[Site "Chennai"]
[Date "2022.08.03"]
[Round "6.48"]
[White "Eversley, Kiarra"]
[Black "Banda Natalie Katlo"]
[Result "1-0"]
[WhiteElo "1356"]
[BlackElo "1688"]
[Annotator "NA RC"]
[PlyCount "121"]
[EventDate "2022.??.??"]
[TimeControl "60"]

1. e4 c6 2. d4 d5 3. exd5 cxd5 4. Bd3 Nf6 5. c3 Bg4 6. Nf3 e6 7. h3 Bh5 8. Bf4 Bd6 9. Bxd6 Qxd6 10. Nbd2 Nc6 11. O-O Bg6 12. Qe2 Bxd3 13. Qxd3 h5 14. Rfe1 Nd7 15. Qf5 g6 16. Qg5 Qe7 17. Qe3 O-O-O 18. a4 Rdg8 19. a5 g5 20. b4 g4 21. Ne5 Ncxe5 22. dxe5 gxh3 23. Qxh3 Rg5 24. Nf3 Rg4 25. Nh2 Rh4 26. Qg3 Rc4 27. Re3 h4 28. Qg7 Rh5 29. Rae1 h3 30. g3 Qf8 31. Qxf8+ Nxf8 32. Nf3 Nh7 33. Kh2 Rg4 34. Ng1 Ng5 35. f4 Ne4 36. c4 Nxg3 37. Rxg3 Rxg3 38. Kxg3 h2 39. Nh3 dxc4 40. Kxh2 b5 41. axb6 axb6 42. Kg3 Rh8 43. b5 Rd8 44. Rc1 Rd3+ 45. Kg4 c3 46. Ng5 Kd7 47. Nxf7 Rd5 48.
Nd6 Rc5 49. Kf3 c2 50. Ke2 Rc3 51. Ne4 Rc4 52. Kd3 Rb4 53. Rxc2 Rxb5 54. Kc4 Ra5 55. Kb4 Ra8 56. Kb5 Rb8 57. Rc6 Rh8 58. Nf6+ Ke7 59. Rc7+ Kd8 60. Kxb6 Rh4 61. Kb7 1-0

[Event "44th Chess Olympiad Women 2022"]
[Site "Chennai"]
[Date "2022.08.03"]
[Round "6.48"]
[White "Marape, Naledi"]
[Black "Wilson, Hannah"]
[Result "0-1"]
[WhiteElo "1714"]
[BlackElo "1556"]
[Annotator "NA RC"]
[PlyCount "132"]
[EventDate "2022.??.??"]
[TimeControl "60"]

1. e4 c5 2. Nf3 g6 3. d4 cxd4 4. Nxd4 Nc6 5. Bc4 Bg7 6. Be3 Nf6 7. Nc3 O-O 8. Bb3 d6 9. f3 Bd7 10. Qd2 Nxd4 11. Bxd4 b5 12. O-O-O a5 13. Bd5 Rc8 14. g4 Qc7 15. g5 Nh5 16. Bxg7 Nxg7 17. a3 Rb8 18. Ba2 Be6 19. Bxe6 fxe6 20. Qe3 Rfc8 21. Rd2 b4 22. Nb1 Rb5 23. c3 Rc5 24. Kd1 Qc6 25. Ke1 Qb5 26. h4 Nh5 27. Kf2 e5 28.
Qe2 Qb6 29. Qe3 Nf4 30. cxb4 axb4 31. axb4 Qxb4 32. Nc3 Rc4 33. Ra1 Qb8 34. Qa7 R4c7 35. Qxb8 Rxb8 36. Nd5 Rcb7 37. Rb1 Kf7 38. Nxf4 exf4 39. Kg2 Rb3 40. Rf2 e5 41. Rd2 R8b6 42. Kf2 Ke6 43. Kg2 R6b4 44. Kf2 Re3 45. Kg2 Rbb3 46. Rbd1 Rb6 47. Rc1 Reb3 48. Rcc2 R3b4 49. Kh3 Rb3 50. Kg4 R6b4 51. Rc6 Rxb2 52. Rcxd6+ Kf7 53. h5 Rxd2 54. Rxd2 Rb1 55. hxg6+ hxg6 56. Kh3 Rh1+ 57. Rh2 Rxh2+ 58. Kxh2 Ke6 59. Kg2 Kd6 60. Kf2 Kc5 61. Ke1 Kc4 62. Ke2 Kc3 63. Ke1 Kd3 64. Kf2 Kd2 65. Kg1 Ke3 66. Kg2 Ke2 0-1

[Event "44th Chess Olympiad Women 2022"]
[Site "Chennai"]
[Date "2022.08.03"]
[Round "6.48"]
[White "Moshoboro Arona"]
[Black "Reifer-Belle, Chanon"]
[Result "1-0"]
[WhiteElo "1611"]
[BlackElo "1213"]
[Annotator "NA RC"]
[PlyCount "165"]
[EventDate "2022.??.??"]
[TimeControl "60"]

1. d4 d5 2. Nf3 c6 3. e3 Bf5 4. c4 e6 5. Nc3 Nf6 6. Qb3 Qc7 7. Bd2 Be7 8.
Rc1 Qb6 9. c5 Qxb3 10. axb3 Nbd7 11. Be2 O-O 12. O-O b6 13. b4 bxc5 14. bxc5 Rfb8 15. Nd1 Ne4 16. Ba5 Bd8 17. Bxd8 Rxd8 18. Ra1 a5 19. Re1 e5 20. Bd3 Be6 21. Bxe4 dxe4 22. Ng5 Bd5 23. Nc3 Rdb8 24. Nxd5 cxd5 25. Ra2 Rb4 26. Rd1 exd4 27. exd4 Nb8 28. Nh3 Nc6 29. Nf4 Rxd4 30. Rxd4 Nxd4 31. Nxd5 Nc6 32. Kf1 Rd8 33. Ne3 g6 34. g4 Rb8 35. Nd5 Kg7 36. g5 Rb5 37. Nc3 Rxc5 38. Nxe4 Rc1+ 39. Kg2 Rc4 40. f3 Rc2+ 41. Kg3 Nd4 42. Rxa5 Nf5+ 43. Kh3 Rxb2 44. Ra8 Ne7 45. Ra7 Nf5 46. Ra8 Ne7 47. Re8 Rb7 48. Kg3 Ng8 49. h4 f5 50. Nd6 Re7 51. Rd8 Ra7 52. h5 gxh5 53. Nxf5+ Kg6 54. Rxg8+ Kxf5 55. Kh4 Ra1 56. Rf8+ Kg6 57. Rf6+ Kg7 58. Kxh5 Rh1+ 59. Kg4 Rg1+ 60. Kf5 Ra1 61. f4 Ra5+ 62. Kg4 Ra1 63. Rb6 Ra4 64. Re6 Kf7 65. Rf6+ Kg7 66. Kh5 Ra1 67. Rb6 Rf1 68. Rb7+ Kg8 69. Kg4 Rg1+ 70. Kf5 Ra1 71. Re7 Ra5+ 72. Kf6 Ra8 73. f5 Ra6+ 74. Re6 Ra8 75. Ke5 Ra5+ 76. Kf4 Ra4+ 77. Kg3 Ra3+ 78. Kh4 Ra1 79. f6 Kf7 80. Re7+ Kg6 81. Rg7+ Kf5 82. f7 Ra4+ 83. Kh5 1-0

[Event "44th Chess Olympiad Women 2022"]
[Site "Chennai"]
[Date "2022.08.03"]
[Round "6.49"]
[White "Garcia, Andrea Nicole"]
[Black "Natareno, Elvia"]
[Result "1/2-1/2"]
[WhiteElo "1631"]
[BlackElo "1581"]
[Annotator "NA RC"]
[PlyCount "69"]
[EventDate "2022.??.??"]
[TimeControl "60"]

1. e4 c5 2. Nc3 Nc6 3. g3 g6 4. Bg2 Bg7 5. d3 d6 6. Be3 Nf6 7. h3 a6 8. Qd2 Bd7 9. Bh6 O-O 10. Bxg7 Kxg7 11. Nge2 b5 12. Nd5 e6 13. Nxf6 Qxf6 14. c3 Rad8 15. f4 e5 16. O-O Qe7 17. f5 f6 18. g4 g5 19. h4 h6 20. h5 Be8 21. Rfd1 Bf7 22. b3 d5 23. Qb2 Rd7 24. Rd2 Rfd8 25.
Rad1 d4 26. c4 b4 27. Ra1 a5 28. Rdd1 Ra7 29. Rdb1 a4 30. Nc1 Rda8 31. Bf3 Ra6 32. Bd1 R6a7 33. Bf3 Be8 34. Bd1 Nd8 35. Ne2 1/2-1/2

[Event "44th Chess Olympiad Women 2022"]
[Site "Chennai"]
[Date "2022.08.03"]
[Round "6.49"]
[White "Godoy Yolanda"]
[Black "Mazariegos, Silvia Carolina"]
[Result "0-1"]
[WhiteElo "1219"]
[BlackElo "1851"]
[Annotator "NA RC"]
[PlyCount "74"]
[EventDate "2022.??.??"]
[TimeControl "60"]

1. e4 Nf6 2. Nc3 d5 3. exd5 Nxd5 4. Bc4 Be6 5. d3 Nxc3 6.
bxc3 Bxc4 7. Nf3 Bd5 8. O-O e6 9. Qe2 Be7 10. Bb2 Bxf3 11.
Qxf3 c6 12. c4 Bf6 13. c3 Nd7 14. d4 Nb6 15. Bc1 Nxc4 16. Bf4 Qd5 17. Qg3 O-O 18. Rfe1 Rfe8 19. Re2 Rad8 20. Rd1 b5 21. Rb1 a6 22. a4 h6 23. Bxh6 Qh5 24. Bf4 Qxe2 25. axb5 axb5 26. Ra1 Ra8 27. Rc1 Ra2 28. Be3 Rea8 29. h3 Nxe3 30. fxe3 Bh4 31. Qf3 Bf2+ 32. Kh2 Qxf3 33. gxf3 Bxe3+ 34. Kg3 Bxc1 35. h4 Rc2 36. Kg4 Rg2+ 37. Kh5 g6# 0-1

[Event "44th Chess Olympiad Women 2022"]
[Site "Chennai"]
[Date "2022.08.03"]
[Round "6.49"]
[White "Juarez Garcia, Daniela"]
[Black "Viana, Valeria"]
[Result "1/2-1/2"]
[WhiteElo "1725"]
[BlackElo "1441"]
[Annotator "NA RC"]
[PlyCount "132"]
[EventDate "2022.??.??"]
[TimeControl "60"]

1. e4 c6 2. d4 d5 3. exd5 cxd5 4. Bd3 Nc6 5. c3 Nf6 6. h3 Qc7 7. Nf3 g6 8. Qc2 Bg7 9. O-O O-O 10. Re1 e6 11. Be3 e5 12. dxe5 Nxe5 13.
Nxe5 Qxe5 14. Nd2 Qc7 15. Nf3 a6 16. a4 Bd7 17. Bd4 Rfe8 18.
Be5 Qd8 19. Rad1 b5 20. axb5 Bxb5 21. Bxb5 axb5 22. Qd3 Qd7 23. Nd4 Ra2 24. Re2 b4 25. cxb4 Qa4 26. b5 Qc4 27. Nc6 Nh5 28. Qxc4 dxc4 29. Rdd2 Bh6 30. Rc2 Nf4 31. Bxf4 Ra1+ 32. Kh2 Bxf4+ 33. g3 Rxe2 34. Rxe2 Bd6 35. Rc2 Ra2 36. Kg2 c3 37. Rxc3 Rxb2 38. Na7 Kg7 39. Rc8 Be5 40. Rc4 Bb8 41. Nc6 Rxb5 42. Nxb8 Rxb8 43. g4 Rb3 44. f3 Kf6 45. Kg3 Rb5 46. h4 h6 47. Re4 Rb1 48. Re3 Rh1 49. Rb3 g5 50. h5 Rg1+ 51. Kf2 Ra1 52. Rb6+ Kg7 53. Rb5 Ra6 54. Rd5 Re6 55. Rf5 Ra6 56. Ke3 Ra4 57. Rd5 Rf4 58. Rd4 Rf6 59. f4 gxf4+ 60. Rxf4 Rxf4 61. Kxf4 Kf6 62. g5+ hxg5+ 63. Kg4 Kg7 64. Kxg5 f6+ 65. Kf5 Kh6 66. Kxf6 Kxh5 1/2-1/2

[Event "44th Chess Olympiad Women 2022"]
[Site "Chennai"]
[Date "2022.08.03"]
[Round "6.49"]
[White "Lopez L., Dairyn D."]
[Black "Maradiaga, Cesia"]
[Result "1/2-1/2"]
[WhiteElo "1574"]
[BlackElo "1533"]
[Annotator "NA RC"]
[PlyCount "73"]
[EventDate "2022.??.??"]
[TimeControl "60"]

1. d4 d5 2. Bf4 Nf6 3. e3 c5 4. c3 Nc6 5. h3 Qb6 6. Qb3 c4 7. Qxb6 axb6 8. Nf3 Na5 9. Nbd2 Bf5 10. Be2 e6 11. O-O Be7 12. g4 Bg6 13.
Ne5 O-O 14. f3 b5 15. Nxg6 fxg6 16. a3 Nc6 17. Kg2 Nd7 18. Bg3 e5 19. Bd1 exd4 20. exd4 Bf6 21. Bc2 Rfe8 22. Rfe1 Rxe1 23. Rxe1 Nb6 24. Bd6 Na4 25. Bxa4 bxa4 26. f4 Kf7 27. Nf3 h6 28. h4 Be7 29. Bxe7 Nxe7 30. Ne5+ Kf8 31. Nd7+ Kf7 32. Ne5+ Kg8 33. Kg3 h5 34. Rg1 Rf8 35. Rf1 hxg4 36. Kxg4 Nf5 37. Rf3 1/2-1/2

[Event "44th Chess Olympiad Women 2022"]
[Site "Chennai"]
[Date "2022.08.03"]
[Round "6.50"]
[White "Bagga, Khushi"]
[Black "Mefteh, Meyssem"]
[Result "0-1"]
[WhiteElo "1328"]
[BlackElo "1254"]
[Annotator "NA RC"]
[PlyCount "134"]
[EventDate "2022.??.??"]
[TimeControl "60"]

1. e4 c5 2. d4 cxd4 3. c3 Nf6 4. e5 Nd5 5. cxd4 Nc6 6. Bc4 Nb6 7. Bb3 d6 8. exd6 Qxd6 9. Nf3 Bg4 10. Bxf7+ Kxf7 11. Ng5+ Ke8 12. Qxg4 Nxd4 13. Na3 Qb4+ 14. Kf1 Rc8 15. Be3 Nc2 16. Qxb4 Nxb4 17. g3 Nc2 18. Nxc2 Rxc2 19. Bd4 Nd7 20. Kg2 b6 21. Rac1 Rxc1 22. Rxc1 e5 23. Bc3 a5 24. Nf3 Bc5 25. Nxe5 Nxe5 26. Bxe5 Rf8 27. Rc2 g6 28. Rd2 Rf5 29. Bd6 Bxd6 30. Rxd6 Rb5 31. b3 Ke7 32. Rc6 Kd7 33. Rc3 Rf5 34. Rf3 Rh5 35. Rf6 b5 36. h3 Ke7 37. Rc6 Kf7 38.
g4 Rg5 39. Kg3 Rd5 40. Rc3 b4 41. Rc2 Rd3+ 42. f3 Rc3 43. Rd2 Rc5 44. Kh4 Ke7 45. f4 Kf7 46. g5 Ke7 47. Kg4 Rf5 48. Rf2 Ke6 49. h4 Kd5 50.
h5 Ke6 51. h6 Kf7 52. Kf3 Rd5 53. Ke4 Rd1 54. f5 Rg1 55. fxg6+ Kxg6 56. Rf8 Rxg5 57. Rg8+ Kxh6 58. Rxg5 Kxg5 59. Ke3 Kg4 60.
Kf2 h5 61. Kg2 h4 62. Kh2 h3 63. Kg1 Kg3 64. Kh1 h2 65. a4 bxa3 66. b4 a2 67. bxa5 a1=Q# 0-1

[Event "44th Chess Olympiad Women 2022"]
[Site "Chennai"]
[Date "2022.08.03"]
[Round "6.50"]
[White "Ben Said, Safa"]
[Black "Smith, Olivia"]
[Result "0-1"]
[WhiteElo "1564"]
[BlackElo "2038"]
[Annotator "NA RC"]
[PlyCount "142"]
[EventDate "2022.??.??"]
[TimeControl "60"]

1. e4 e5 2. Nf3 Nf6 3. Nxe5 d6 4. Nf3 Nxe4 5. Nc3 Nxc3 6.
dxc3 Be7 7. Be3 Nc6 8. Qd2 Be6 9. Be2 Qd7 10. O-O-O a6 11.
Kb1 O-O-O 12. Nd4 Bf6 13. Rhe1 Kb8 14. f4 Rhe8 15. Bf3 Nxd4 16. Bxd4 Bxd4 17. Qxd4 g6 18. c4 Bg4 19. Bxg4 Qxg4 20. g3 Re2 21.
h3 Qe6 22. Rxe2 Qxe2 23. Kc1 Re8 24. c5 dxc5 25. Qxc5 Qg2 26. Qd5 Qxg3 27. Qxf7 Qe3+ 28. Kb1 Re7 29. Qf6 Rd7 30. Rh1 Qf3 31.
Qf8+ Ka7 32. Qc5+ b6 33. Qg1 Qxf4 34. Qg4 Rd4 35. c3 Qe4+ 36. Qxe4 Rxe4 37. Kc2 Re2+ 38. Kb3 Kb7 39. h4 Re5 40. Kc4 Rh5 41. Kd4 g5 42. Ke5 gxh4+ 43. Kf4 h3 44. Kg4 Rh6 45. Kg5 Rg6+ 46. Kf4 Rg2 47. Rxh3 Rxb2 48. Rxh7 Rxa2 49. Ke4 Rd2 50. Ke3 Rd8 51. Rh6 a5 52. c4 a4 53. Rg6 a3 54. Rg1 a2 55. Ra1 Ra8 56.
Kd3 Kc6 57. Kc3 Kc5 58. Kb3 Rh8 59. Rxa2 Rh3+ 60. Ka4 Rc3 61. Rh2 Rxc4+ 62. Kb3 Kb5 63. Rh5+ c5 64. Rg5 Rh4 65. Rg6 Rh3+ 66. Kc2 Ka5 67. Rg5 Kb4 68. Rg8 c4 69. Rg5 b5 70. Rg8 Rh2+ 71.
Kc1 Kb3 0-1

[Event "44th Chess Olympiad Women 2022"]
[Site "Chennai"]
[Date "2022.08.03"]
[Round "6.50"]
[White "Chong, Kimberly"]
[Black "Meddeb, Chadha"]
[Result "*"]
[WhiteElo "1741"]
[BlackElo "1561"]
[Annotator "NA RC"]
[PlyCount "61"]
[EventDate "2022.??.??"]
[TimeControl "60"]

1. e4 e6 2. Nf3 d5 3. e5 c5 4. b4 cxb4 5. a3 Nc6 6. axb4 Bxb4 7. c3 Ba5 8. d4 Bd7 9. Bd3 Nge7 10. O-O Ng6 11. Bg5 Qc8 12. h4 Bd8 13. h5 Nf8 14. Na3 a6 15.
c4 Nxd4 16. Bxd8 Nxf3+ 17. Qxf3 Qxd8 18. cxd5 exd5 19. Qxd5 Bc6 20. Qb3 Qg5 21. f3 Ne6 22. Be4 O-O 23. Bxc6 bxc6 24. g4 Qxe5 25. Ra2 Rfd8 26. Nc4 Qc5+ 27. Kh2 Rab8 28. Qc2 Nd4 29. Qc1 Rb3 30. Ra5 Qe7 31. Kh3 *